 Dungeon Crawl Stone Soup version 0.21.1-1-g345015f (webtiles) character file.

9639 inc the Nimble (level 11, 0/71 HPs)
             Began as a Kobold Hunter on June 20, 2018.
             Was an Elder of Okawaru.
             Slain by a troll (13 damage)
             ... on level 11 of the Dungeon.
             The game lasted 00:23:22 (12501 turns).

inc the Nimble (Kobold Hunter)                     Turns: 12501, Time: 00:23:22

Health: 0/71       AC: 11    Str:  9    XL:     11   Next: 78%
Magic:  11/11      EV: 23    Int: 17    God:    Okawaru [****..]
Gold:   772        SH:  2    Dex: 15    Spells: 10/10 levels left

rFire    + + .     SeeInvis +   b - +7 dagger (elec)
rCold    + . .     Gourm    .   (shield restricted)
rNeg     . . .     Faith    .   r - +1 robe "Cymikhy" {rF++ SInv}
rPois    .         Spirit   .   (no helmet)
rElec    .         Reflect  +   N - +1 cloak
rCorr    .         Harm     .   (no gloves)
MR       .....                  K - -1 pair of boots of Disaster {rC+ Stlth+}
Stlth    +++++.....             n - +2 amulet of reflection
HPRegen  0.21/turn              l - +6 ring of protection
MPRegen  0.12/turn              L - ring of flight

@: no status effects
A: small, carnivore
a: Heroism, Renounce Religion, Evoke Flight


You were on level 11 of the Dungeon.
You worshipped Okawaru.
Okawaru was greatly pleased with you.
You were not hungry.

You visited 2 branches of the dungeon, and saw 12 of its levels.

You collected 772 gold pieces.

Inventory:

Hand Weapons
 a - a +1 hand crossbow
 b - a +7 dagger of electrocution (weapon)
 J - a +2 rapier of speed
 M - the +5 whip of Xeneuxap {flame, rF+}
   (You found it on level 8 of the Dungeon)

   It has been specially enchanted to burn those struck by it, causing extra
   injury to most foes and up to half again as much damage against particularly
   susceptible opponents.
   It protects you from fire.
Missiles
 w - 69 bolts
Armour
 r - the +1 robe "Cymikhy" (worn) {rF++ SInv}
   (You found it on level 4 of the Dungeon)

   It greatly protects you from fire.
   It lets you see invisible.
 z - a +0 leather armour of magic resistance
 K - the -1 pair of boots of Disaster (worn) {rC+ Stlth+}
   (You found it on level 7 of the Dungeon)

   It protects you from cold.
   It makes you more stealthy.
 N - a +1 cloak (worn)
Jewellery
 l - a +6 ring of protection (left hand)
 n - a +2 amulet of reflection (around neck)
 H - an uncursed ring of loudness
 L - a ring of flight (right hand)
Wands
 t - a wand of flame (25)
 y - a wand of digging (29)
 A - a wand of acid (5)
 C - a wand of random effects (82)
 O - a wand of clouds (3)
Scrolls
 g - 4 scrolls of remove curse
 i - 3 scrolls of teleportation
 p - 2 scrolls of fog
 I - 5 scrolls of identify
Potions
 c - a potion of agility {unknown}
 e - a potion of berserk rage
 h - 6 potions of curing
 j - 2 potions of mutation {unknown}
 k - a potion of haste
 m - a potion of flight {unknown}
 o - 2 potions of magic
 q - a potion of lignification
 s - 3 potions of might
 u - 2 potions of brilliance
 x - a potion of heal wounds
 E - a potion of resistance
Books
 d - a book of Conjurations

   Spells                             Type                      Level
   a - Magic Dart                     Conjuration                  1
   b - Searing Ray                    Conjuration                  2
   c - Dazzling Spray                 Conjuration/Hexes            3
   d - Fulminant Prism                Conjuration/Hexes            4
   e - Force Lance                    Conjuration/Translocation    4
   f - Iskenderun's Mystic Blast      Conjuration                  4
 G - a book of Air

   Spells                             Type                      Level
   a - Shock                          Conjuration/Air              1
   b - Swiftness                      Charms/Air                   2
   c - Static Discharge               Conjuration/Air              3
   d - Airstrike                      Air                          4
   e - Lightning Bolt                 Conjuration/Air              5
Comestibles
 f - 21 rations


   Skills:
 + Level 9.3 Fighting
 - Level 10.0 Short Blades
 - Level 10.6 Crossbows
 + Level 11.5 Dodging
 - Level 7.9 Stealth


You had 10 spell levels left.
You didn't know any spells.

Dungeon Overview and Level Annotations

Branches:
Dungeon (11/15)            Temple (1/1) D:7            Lair (0/6) D:10
    Orc: D:9-12

Altars:
Ashenzari
Cheibriados
Dithmenos
Elyvilon
Fedhas
Gozag
Hepliaklqana
Kikubaaqudgha
Makhleb
Nemelex Xobeh
Okawaru
Qazlal
Sif Muna
Trog
Uskayaw
Vehumet
Wu Jian
Xom
Yredelemnul
Zin
The Shining One

Shops:
D:7 *

Annotations:
D:4 exclusion: statue, Grinder
D:10 exclusion: ice statue


Innate Abilities, Weirdness & Mutations

You are small and have problems with some larger weapons.
You are carnivorous and can eat meat at any time.


Message History

You barely miss the troll.
The troll is moderately wounded.
You hit the troll.
The troll is moderately wounded.
The troll barely misses you. The troll claws you!
* * * LOW HITPOINT WARNING * * *
The troll completely misses you.
You hit the troll but do no damage.
The troll is moderately wounded.
You hit the troll.
The troll is moderately wounded.
The troll bites you but does no damage. The troll claws you.
* * * LOW HITPOINT WARNING * * *
The troll barely misses you.
You barely miss the troll.
The troll is moderately wounded.
You puncture the troll!
The troll is heavily wounded.
The troll barely misses you. The troll closely misses you. The troll claws you!
You die...

#......(((..
#.......(...
#......(....
#...........
#...........
#...........
#...T.......
#..†@.......
#...........
#...<.......
#...........
#...........
#.#########.
#. #. #.


You could see a troll.

Vanquished Creatures
  3 two-headed ogres
  A wizard (D:6)
  An ugly thing (D:11)
  Maurice (D:8)
  A troll (D:9)
  6 hippogriffs
  A basilisk (D:10)
  A hungry ghost (D:8)
  Grum (D:8)
  Duvessa (D:4)
  2 ice beasts (D:10)
  2 orc warriors (D:6)
  2 sky beasts
  10 ogres
  4 wolves (D:8)
  3 centaurs
  2 crocodiles (D:10)
  A big kobold (D:9)
  A bullfrog (D:10)
  Blork the orc (D:5)
  2 gnoll sergeants
  Dowan (D:4)
  3 scorpions
  4 killer bees (D:8)
  5 crimson imps
  3 quasits
  A jelly (D:6)
  2 bullfrog zombies (D:8)
  4 hounds
  A bullfrog skeleton (D:10)
  A gnoll shaman (D:4)
  5 orc priests
  11 orc wizards
  Ijyb (D:5)
  A centaur skeleton (D:10)
  Crazy Yiuf (D:5)
  6 iguanas
  7 worker ants
  A hound zombie (D:8)
  2 worker ant zombies (D:8)
  21 gnolls
  A howler monkey skeleton (D:9)
  13 adders
  3 oozes
  An adder zombie (D:6)
  2 adder skeletons
  5 worms
  2 dart slugs
  9 leopard geckos
  40 orcs
  6 giant cockroaches
  6 goblins
  2 hobgoblins (D:1)
  18 jackals
  13 kobolds
  4 quokkas
  A ball python (D:4)
  7 bats
  6 frilled lizards
  A quokka skeleton (D:7)
  6 rats
  A fungus (D:5)
  A plant (D:10)
276 creatures vanquished.

Notes
Turn   | Place    | Note
-------+----------+-------------------------------------------
     0 | D:1      | inc the Kobold Hunter began the quest for the Orb.
     0 | D:1      | Reached XP level 1. HP: 12/12 MP: 1/1
    57 | D:1      | Reached skill level 5 in Crossbows
    90 | D:1      | Reached XP level 2. HP: 17/17 MP: 2/2
   290 | D:1      | Reached XP level 3. HP: 21/21 MP: 3/3
  1018 | D:2      | Found a glowing silver altar of Zin.
  1022 | D:2      | Reached XP level 4. HP: 26/26 MP: 4/4
  1724 | D:3      | Reached XP level 5. HP: 31/31 MP: 5/5
  2318 | D:4      | Reached XP level 6. HP: 23/38 MP: 6/6
  2449 | D:4      | Noticed an ogre
  2482 | D:4      | Killed an ogre
  2482 | D:4      | Reached skill level 5 in Fighting
  2668 | D:4      | Found a radiant altar of Vehumet.
  2736 | D:4      | Got a smoking robe
  2748 | D:4      | Identified the +1 robe "Cymikhy" {rF++ SInv} (You found it on level 4 of the Dungeon)
  2764 | D:4      | Reached skill level 3 in Dodging
  2774 | D:4      | Reached XP level 7. HP: 12/44 MP: 7/7
  3376 | D:4      | Reached skill level 4 in Dodging
  3505 | D:4      | Reached skill level 5 in Dodging
  3814 | D:4      | Reached skill level 6 in Dodging
  3863 | D:4      | Reached XP level 8. HP: 50/50 MP: 8/8
  3969 | D:4      | Noticed Dowan
  3970 | D:4      | Noticed Duvessa
  3980 | D:4      | Reached skill level 7 in Dodging
  4010 | D:4      | Killed Duvessa
  4014 | D:4      | Killed Dowan
  4014 | D:4      | Reached skill level 8 in Dodging
  4305 | D:4      | Noticed Grinder
  4837 | D:2      | Found a glowing golden altar of the Shining One.
  5217 | D:5      | Entered Level 5 of the Dungeon
  5506 | D:5      | Found a glowing silver altar of Zin.
  5670 | D:5      | Found a shattered altar of Ashenzari.
  5778 | D:5      | Noticed Ijyb
  5784 | D:5      | HP: 1/50 [Ijyb/dagger of electrocution (19)]
  5788 | D:5      | Killed Ijyb
  6234 | D:5      | Reached skill level 1 in Short Blades
  6234 | D:5      | Reached XP level 9. HP: 54/54 MP: 9/9
  6267 | D:5      | Noticed Blork the orc
  6279 | D:5      | Killed Blork the orc
  6825 | D:5      | Found a runed door.
  6829 | D:5      | Noticed Crazy Yiuf
  6848 | D:5      | Killed Crazy Yiuf
  6950 | D:6      | Reached skill level 5 in Short Blades
  7385 | D:6      | Noticed a wizard
  7387 | D:6      | Found a transporter.
  7387 | D:6      | Found an ornate altar of the Wu Jian Council.
  7433 | D:6      | Found a transporter.
  7475 | D:6      | Killed a wizard
  7475 | D:6      | Reached skill level 10 in Short Blades
  7620 | D:6      | Reached XP level 10. HP: 48/59 MP: 10/10
  8054 | D:7      | Found a sparkling altar of Nemelex Xobeh.
  8055 | D:7      | Found a stormy altar of Qazlal.
  8131 | D:7      | Found a white marble altar of Elyvilon.
  8189 | D:7      | Found a staircase to the Ecumenical Temple.
  8207 | Temple   | Entered the Ecumenical Temple
  8262 | Temple   | Became a worshipper of Warmaster Okawaru
  8311 | D:7      | Reached skill level 10 in Crossbows
  8356 | D:7      | Found Xakyg's Assorted Antiques.
  8481 | D:7      | Got a pair of scorched boots
  8487 | D:7      | Identified the -1 pair of boots of Disaster {rC+ Stlth+} (You found it on level 7 of the Dungeon)
  8492 | D:7      | Found an opulent altar of Gozag.
  8680 | D:7      | Found a basalt altar of Yredelemnul.
  8808 | D:8      | Noticed Grum
  8856 | D:8      | Killed Grum
  8856 | D:8      | Reached skill level 5 in Stealth
  9273 | D:8      | Reached * piety under Okawaru
  9288 | D:8      | Got a dazzling whip
  9289 | D:8      | Identified the +5 whip of Xeneuxap {flame, rF+} (You found it on level 8 of the Dungeon)
  9616 | D:8      | Noticed Maurice
  9619 | D:8      | Killed Maurice
  9619 | D:8      | Reached ** piety under Okawaru
  9644 | D:8      | Reached skill level 9 in Dodging
 10062 | D:9      | Found a hide-covered altar of Uskayaw.
 10157 | D:9      | Reached XP level 11. HP: 60/66 MP: 11/11
 10260 | D:9      | Noticed a two-headed ogre
 10281 | D:9      | HP: 1/66 [two-headed ogre/giant spiked club (11)]
 10293 | D:9      | Killed a two-headed ogre
 10293 | D:9      | Reached skill level 10 in Dodging
 10914 | D:9      | Found a blossoming altar of Fedhas.
 11118 | D:10     | Entered Level 10 of the Dungeon
 11263 | D:10     | Reached *** piety under Okawaru
 11459 | D:10     | Noticed a two-headed ogre
 11469 | D:10     | Killed a two-headed ogre
 11474 | D:10     | Noticed a two-headed ogre
 11486 | D:10     | Killed a two-headed ogre
 11486 | D:10     | Reached skill level 11 in Dodging
 11784 | D:10     | Reached **** piety under Okawaru
 12115 | D:10     | Found a staircase to the Lair.
 12298 | D:11     | Noticed a white ugly thing
 12312 | D:11     | Killed a white ugly thing
 12501 | D:11     | Slain by a troll

Skill      XL: |  1  2  3  4  5  6  7  8  9 10 11 |
---------------+----------------------------------+-----
Crossbows      | 5 6 7 8 9 10 | 10.6
Fighting       | 4 5 6 9 |  9.3
Dodging        | 3 6 8 9 11 | 11.5
Short Blades   | 1 10 | 10.0
Stealth        | 7 |  7.9

Action                   |  1- 3 |  4- 6 |  7- 9 | 10-12 || total
-------------------------+-------+-------+-------+-------++-------
Melee: Short sword       |       |     9 |    21 |       ||    30
       Spear             |       |       |    36 |       ||    36
       Flail             |       |       |   126 |       ||   126
       Dagger            |       |       |   104 |   425 ||   529
 Fire: Hand crossbow     |    76 |   128 |    63 |    58 ||   325
  Use: Scroll            |       |       |     8 |     6 ||    14
       Potion            |       |       |     1 |     2 ||     3
 Stab: Sleeping          |       |       |     8 |     3 ||    11
  Eat: Chunk             |       |    12 |    14 |    12 ||    38
Armor: Leather armour    |     1 |     8 |    14 |    47 ||    70
       Robe              |       |     1 |    51 |    11 ||    63
Dodge: Dodged            |    16 |    45 |   309 |   259 ||   629
Block: Other             |       |       |       |    17 ||    17
       Reflection        |       |       |       |     1 ||     1
